 Dungeon Crawl Stone Soup version 0.21.1-1-g345015f (webtiles) character file.

293983 grindst0ne the Bringer of Law (level 21, -25/177 HPs)
             Began as a Formicid Fighter on Mar 5, 2018.
             Was the Champion of Zin.
             Killed from afar by a shadow dragon (53 damage)
             ... with a bolt of negative energy
             ... on level 3 of the Vaults.
             The game lasted 02:33:20 (53011 turns).

grindst0ne the Bringer of Law (Formicid Fighter)   Turns: 53011, Time: 02:33:20

Health: -25/177    AC: 28    Str: 21    XL:     21   Next: 73%
Magic:  0/34       EV:  1    Int: 17    God:    Zin [******]
Gold:   811        SH: 22    Dex: 13    Spells: 16/20 levels left

rFire    + + .     SeeInvis +   T - +2 battleaxe (freeze)
rCold    + + +     Gourm    .   F - +6 large shield "Dahabustu" {Dex+3}
rNeg     . . .     Faith    .   b - +0 crystal plate armour "Tiwonk" {+Blink rC+}
rPois    +         Spirit   +   (helmet unavailable)
rElec    .         Reflect  .   R - scarf {rC+ rF+}
rCorr    .         Harm     .   z - +0 pair of gloves
MR       +++++                  y - +0 pair of boots {Stlth+}
Stlth    ..........             K - amulet of Incredulity {Spirit rPois MR+++ Str-5 Slay+3}
HPRegen  0.39/turn              E - ring of the Failed Coup {rC+ AC+5 Str+4}
MPRegen  0.24/turn              w - ring of protection from fire

@: extremely drained
A: permanent stasis, dig shafts and tunnels, four strong arms, antennae 3
}: 2/15 runes: barnacled, gossamer
a: Dig, Shaft Self, Recite, Vitalisation, Imprison, Sanctuary, Donate Gold,
Renounce Religion


You were on level 3 of the Vaults.
You worshipped Zin.
Zin was exalted by your worship.
You were hungry.

You visited 7 branches of the dungeon, and saw 35 of its levels.
You also visited: Labyrinth.

You collected 3761 gold pieces.
You spent 2579 gold pieces at shops.
You donated 371 gold pieces to Zin.

Inventory:

Hand Weapons
 T - a +2 battleaxe of freezing (weapon)
Missiles
 H - 13 throwing nets (quivered)
Armour
 b - the +0 crystal plate armour "Tiwonk" (worn) {+Blink rC+}
   (You acquired it on level 3 of the Shoals)

   It protects you from cold.
   It lets you blink.
 x - the +2 cloak of the Secret Nights {rN+ MR+ Str+2}
   (You bought it in a shop on level 2 of the Orcish Mines)

   It affects your strength (+2).
   It protects you from negative energy.
   It affects your resistance to hostile enchantments.
 y - a +0 pair of boots of stealth (worn)
 z - a +0 pair of gloves (worn)
 F - the +6 large shield "Dahabustu" (worn) {Dex+3}
   (You acquired it on level 2 of the Orcish Mines)

   It affects your dexterity (+3).
 R - a scarf of resistance (worn)
 S - +0 storm dragon scales
Jewellery
 k - an uncursed ring of positive energy
 w - a ring of protection from fire (right hand)
 A - an uncursed ring of wizardry
 C - a +3 ring of protection
 E - the ring of the Failed Coup (left hand) {rC+ AC+5 Str+4}
   (You bought it in a shop on level 2 of the Orcish Mines)

   [ring of protection]

   It affects your AC (+5).
   It affects your strength (+4).
   It protects you from cold.
 K - the amulet of Incredulity (around neck) {Spirit rPois MR+++ Str-5 Slay+3}
   (You acquired it on level 1 of the Vaults)

   [amulet of guardian spirit]

   It causes incoming damage to be split between your health and magic.
   It affects your strength (-5).
   It affects your accuracy and damage with ranged weapons and melee attacks
   (+3).
   It protects you from poison.
   It affects your resistance to hostile enchantments.
 L - an uncursed ring of flight
 O - an uncursed amulet of magic regeneration
Wands
 a - a wand of flame (54)
 e - a wand of enslavement (35)
 B - a wand of digging (16)
 D - a wand of disintegration (12)
 M - a wand of paralysis (16)
Scrolls
 h - 7 scrolls of fog
 i - 19 scrolls of remove curse
 l - a scroll of holy word
 m - 7 scrolls of identify
 o - 4 scrolls of amnesia
 q - 2 scrolls of fear
 t - 10 scrolls of enchant weapon
 G - 2 scrolls of enchant armour
 N - 5 scrolls of magic mapping
Potions
 d - a potion of might
 g - 4 potions of cancellation
 j - 5 potions of magic
 n - 2 potions of curing
 p - a potion of heal wounds
 s - 3 potions of flight
 v - 3 potions of brilliance
 P - 5 potions of ambrosia
 U - a potion of berserk rage {unknown}
Books
 c - a book of Flames

   Spells                             Type                      Level
   a - Flame Tongue                   Conjuration/Fire             1
   b - Throw Flame                    Conjuration/Fire             2
   c - Conjure Flame                  Conjuration/Fire             3
   d - Inner Flame                    Hexes/Fire                   3
   e - Sticky Flame                   Conjuration/Fire             4
   f - Fireball                       Conjuration/Fire             5
 u - a book of Spatial Translocations

   Spells                             Type                      Level
   a - Blink                          Translocation                2
   b - Shroud of Golubria             Charms/Translocation         2
   c - Lesser Beckoning               Translocation                3
   d - Gell's Gravitas                Translocation                3
   e - Teleport Other                 Translocation                3
   f - Passage of Golubria            Translocation                4
Miscellaneous
 r - a fan of gales
 J - a sack of spiders
 Q - a lightning rod (4/4)
Comestibles
 f - 20 rations


   Skills:
 + Level 18.2(10.3) Fighting
 + Level 16.8(9.2) Axes
 + Level 18.2(10.3) Armour
 - Level 6.0(0.1) Dodging
 - Level 15.0(7.6) Shields
 + Level 18.5(10.6) Invocations
 - Level 6.0(0.1) Evocations


You had 16 spell levels left.
You knew the following spells:

 Your Spells              Type           Power        Failure   Level  Hunger
a - Passage of Golubria   Tloc           N/A          100%        4    #####..


Dungeon Overview and Level Annotations

Branches:
Dungeon (15/15)            Temple (1/1) D:7            Lair (6/6) D:8
 Shoals (4/4) Lair:2       Spider (4/4) Lair:3        Slime (0/5) Lair:5
    Orc (2/2) D:10            Elf (0/3) Orc:2        Vaults (3/5) D:14
  Crypt (0/3) Vaults:2     Depths (0/5) D:15

Altars:
Cheibriados
Dithmenos
Fedhas
Hepliaklqana
Kikubaaqudgha
Makhleb
Nemelex Xobeh
Okawaru
Ru
Trog
Vehumet
Wu Jian
Xom
Yredelemnul
Zin
Beogh

Shops:
Orc:2 (=[?   Shoals:3 ::   Vaults:1 [

Annotations:
Lair:4 exclusion: downstairs
Shoals:1 exclusion: downstairs


Innate Abilities, Weirdness & Mutations

You cannot be hasted, slowed, berserked, paralysed or teleported.
You can dig through walls and to a lower floor.
Your four strong arms can wield two-handed weapons with a shield.
You have a pair of large antennae on your head. (SInv)


Message History

* * * LOW HITPOINT WARNING * * *
You block the shadow dragon's attack. x2
You closely miss the shadow dragon.
The shadow dragon is almost dead.
The shadow dragon bites you!
* * * LOW HITPOINT WARNING * * *
You feel drained.
* * * LOW HITPOINT WARNING * * *
You block the shadow dragon's attack.
The shadow dragon claws you but does no damage.
The shadow dragon bites you!
* * * LOW HITPOINT WARNING * * *
You feel drained.
* * * LOW HITPOINT WARNING * * *
You block the shadow dragon's attack. x2
You hit the shadow dragon but do no damage.
The shadow dragon is almost dead.
The shadow dragon breathes negative energy at you.
The bolt of negative energy hits you!
You feel drained.
You die...

#......#[....#...).().#.###).
#......#.....#....[#.>.###)).
#......#(....#...|.#....()..)
#......#)....#.....##########
#......').(..##'####
#......#).........{#########
#...(..#().(.#######.......#
#......#))...#.....#...#...#
#......#....@#.....#.......#
########.....D...[.#.#.>.#.#
#.....#..(!((.......#
#############).)#...#
#.()....# ###)##'### #).)...#
#.##.#.. #.#..#..


You could see a shadow dragon.

Vanquished Creatures
  Bai Suzhen (Spider:4)
  A titan (Vaults:3)
  A kraken (Shoals:2)
  A sphinx (Vaults:3)
  Polyphemus (Shoals:2)
  Kirke (Shoals:3)
  Agnes (D:15)
  A tengu reaver (Vaults:3)
  2 storm dragons (Vaults:3)
  Ilsuiw (Shoals:3)
  Donald (Vaults:2)
  A fire giant (Vaults:3)
  A frost giant (Vaults:3)
  2 ghost moths (Spider:4)
  6 vault wardens
  Louise (Shoals:1)
  4 emperor scorpions
  8 ironheart preservers
  A stone giant (Vaults:2)
  A vampire knight (Vaults:3)
  2 entropy weavers
  A deep elf demonologist (Vaults:3)
  2 deep elf annihilators
  3 spark wasps (Spider:4)
  A dire elephant (Lair:6)
  Snorg (D:10)
  7 merfolk javelineers
  5 yaktaur captains
  An ettin (Vaults:3)
  10 merfolk impalers
  A minotaur (Lab)
  Josephine (Orc:2)
  3 fire dragons
  3 deep elf death magi (Vaults:2)
  7 hydras
  An ice dragon (Vaults:2)
  11 vault guards
  A catoblepas (Shoals:2)
  4 death knights
  5 merfolk avatars
  9 centaur warriors
  The ghost of inc the Unseen, a journeyman FeEn of Elyvilon (Lair:4)
  2 alligator snapping turtles (Shoals:3)
  A dancing weapon (Vaults:3)
  7 merfolk aquamancers
  2 ogre magi
  A tengu warrior (D:15)
  14 two-headed ogres
  9 death yaks
  Urug (D:11)
  2 deep elf knights
  A small abomination (Vaults:2)
  3 shadow wraiths
  A storm dragon skeleton (Vaults:3)
  A hell knight (Vaults:3)
  2 skeletal warriors
  A deep troll (Vaults:2)
  A glowing orange brain (Vaults:2)
  2 wizards
  10 sea snakes
  2 unseen horrors
  2 flayed ghosts
  3 deep elf archers (Vaults:1)
  20 orc knights
  3 necromancers
  7 ironbrand convokers
  A lindwurm (Lair:6)
  A phantasmal warrior (Vaults:3)
  A large abomination (Vaults:2)
  25 orb spiders
  14 harpies
  26 ugly things
  6 orc sorcerers
  11 deep elf magi
  33 wolf spiders
  3 moths of wrath
  2 oklob plants (Shoals:4)
  8 manticores
  A moth of wrath (shapeshifter) (Vaults:1)
  7 fauns
  4 black mambas
  17 merfolk sirens
  11 vault sentinels
  3 elephants (Lair:6)
  A torpor snail (Spider:2)
  10 water nymphs
  4 gargoyles
  17 spiny frogs
  2 human zombies
  2 kobold demonologists
  13 yaktaurs
  An efreet (D:14)
  2 human skeletons
  10 komodo dragons
  9 freezing wraiths
  12 demonic crawlers
  A queen bee (Spider:3)
  7 trolls
  A tengu conjurer (D:13)
  37 merfolk
  6 wind drakes
  A wolf spider simulacrum (D:15)
  2 polar bears
  36 jumping spiders
  10 hornets
  7 dream sheep (Lair:6)
  3 tyrant leeches (Lair:6)
  8 snapping turtles
  A sphinx simulacrum (Vaults:3)
  19 slime creatures
  28 blink frogs
  9 hippogriffs
  7 wraiths
  80 redbacks
  4 shadows
  2 spriggans (shapeshifter)
  A wyvern (Lair:5)
  A spriggan (D:10)
  Sigmund (D:6)
  2 humans (shapeshifter) (Vaults:2)
  45 tarantellas
  A hog (shapeshifter) (Vaults:1)
  5 hogs (Shoals:4)
  A human (D:10)
  18 yaks
  19 water elementals
  A basilisk (shapeshifter) (D:14)
  7 basilisks
  7 hungry ghosts
  A redback simulacrum (D:15)
  12 vampire mosquitoes
  6 wargs
  A soldier ant (D:13)
  12 water moccasins
  12 porcupines
  3 acid dragons
  42 orc warriors
  3 black bears (D:13)
  4 ice beasts
  A hornet zombie (D:14)
  An eye of draining (D:9)
  A necrophage (D:10)
  5 sky beasts
  3 wolves (Lair:5)
  4 boggarts (Vaults:1)
  10 ogres
  3 phantoms
  15 centaurs
  10 crocodiles
  4 big kobolds
  33 bullfrogs
  2 gnoll sergeants
  A water moccasin zombie (D:10)
  An earth elemental (Lab)
  2 wyvern skeletons (D:7)
  3 scorpions
  10 killer bees (Spider:3)
  An orc simulacrum (Vaults:1)
  10 wights
  3 electric eels
  A howler monkey (D:4)
  9 crimson imps
  A bullfrog zombie (D:9)
  7 centaur zombies
  4 bullfrog skeletons
  10 orc priests
  14 centaur skeletons
  7 jellies
  A gnoll shaman (D:3)
  11 hounds
  4 iguanas
  18 orc wizards
  4 worker ants
  2 hound zombies
  3 hound skeletons
  Robin (D:2)
  A howler monkey zombie (D:6)
  47 gnolls
  2 worker ant zombies
  A howler monkey skeleton (D:4)
  14 adders
  5 shadow imps
  An ooze (D:5)
  4 adder skeletons
  5 worms
  2 dart slugs
  5 leopard geckos
  117 orcs
  A ball python (D:3)
  3 giant cockroaches
  15 goblins
  9 hobgoblins
  23 jackals
  8 quokkas
  7 bats
  5 frilled lizards
  A jackal skeleton (D:4)
  A jackal zombie (D:7)
  25 kobolds
  A quokka skeleton (D:5)
  3 rats
  3 crawling corpses (Vaults:2)
  3 fungi
  19 plants
  A tentacle (Shoals:2)
1498 creatures vanquished.

Vanquished Creatures (collateral kills)
  A merfolk avatar (Shoals:4)
  A sea snake (Shoals:4)
  A water nymph (Shoals:4)
  A tyrant leech (Lair:6)
4 creatures vanquished.

Vanquished Creatures (others)
  A fire giant (Vaults:3)
  A merfolk aquamancer (Shoals:4)
  A water elemental (Shoals:4)
  2 humans (Shoals:4)
  An orc (Orc:2)
  10 fungi
  56 plants
  17 tentacles (Shoals:2)
  5 toadstools (D:1)
94 creatures vanquished.

Grand Total: 1596 creatures vanquished

Notes
Turn   | Place    | Note
-------+----------+-------------------------------------------
     0 | D:1      | grindst0ne the Formicid Fighter began the quest for the Orb.
     0 | D:1      | Reached XP level 1. HP: 18/18 MP: 1/1
   182 | D:1      | Reached XP level 2. HP: 23/24 MP: 2/2
   193 | D:1      | You fall through a shaft!
   213 | D:2      | Noticed Robin
   244 | D:2      | Reached XP level 3. HP: 13/29 MP: 3/3
   259 | D:2      | Killed Robin
   440 | D:2      | Reached XP level 4. HP: 29/37 MP: 4/4
  1400 | D:2      | Found a faded altar of an unknown god.
  1890 | D:3      | Noticed a sky beast
  1924 | D:3      | Killed a sky beast
  1924 | D:3      | Reached XP level 5. HP: 41/43 MP: 5/5
  2015 | D:3      | Reached XP level 6. HP: 35/49 MP: 6/6
  2303 | D:3      | Reached skill level 5 in Shields
  2479 | D:3      | Reached XP level 7. HP: 36/55 MP: 7/7
  2482 | D:3      | Reached skill level 5 in Armour
  2607 | D:3      | Reached skill level 5 in Fighting
  3594 | D:4      | Reached XP level 8. HP: 63/63 MP: 8/8
  4281 | D:5      | Entered Level 5 of the Dungeon
  4678 | D:5      | Reached skill level 5 in Axes
  5115 | D:5      | Reached XP level 9. HP: 47/70 MP: 9/9
  5501 | D:6      | Found a shimmering altar of Xom.
  5584 | D:6      | Got a twisted war axe {elec}
  5585 | D:6      | Identified the +0 war axe "Apniunya" {elec, rN+ Str+4 Int+2} (You took it off an orc on level 6 of the Dungeon)
  5795 | D:6      | Noticed Sigmund
  5864 | D:6      | Killed Sigmund
  6371 | D:7      | Found a staircase to the Ecumenical Temple.
  6382 | Temple   | Entered the Ecumenical Temple
  6419 | Temple   | Became a worshipper of Zin the Law-Giver
  6419 | Temple   | Reached * piety under Zin
  6419 | Temple   | Reached ** piety under Zin
  6480 | D:7      | Found a shadowy altar of Dithmenos.
  6805 | D:7      | Reached skill level 1 in Invocations
  6819 | D:7      | Reached skill level 1 in Evocations
  7067 | D:8      | Found a staircase to the Lair.
  7168 | D:8      | Reached *** piety under Zin
  7231 | D:8      | Reached XP level 10. HP: 79/79 MP: 11/11
  7740 | D:8      | Reached **** piety under Zin
  7934 | D:9      | Reached skill level 10 in Shields
  8468 | D:9      | Noticed a two-headed ogre
  8483 | D:9      | Killed a two-headed ogre
  8821 | D:10     | Entered Level 10 of the Dungeon
  8835 | D:10     | Noticed Snorg
  8847 | D:10     | Killed Snorg
  8847 | D:10     | Reached XP level 11. HP: 86/86 MP: 12/14
  9320 | D:10     | Noticed a two-headed ogre
  9330 | D:10     | Killed a two-headed ogre
  9330 | D:10     | Reached skill level 5 in Invocations
  9646 | D:10     | Found a staircase to the Orcish Mines.
 10019 | D:11     | Reached ***** piety under Zin
 10057 | D:11     | Noticed a two-headed ogre
 10064 | D:11     | Killed a two-headed ogre
 10158 | D:11     | Noticed Urug
 10192 | D:11     | Reached skill level 5 in Evocations
 10232 | D:11     | Killed Urug
 10872 | D:11     | Noticed a two-headed ogre
 10883 | D:11     | Killed a two-headed ogre
 10883 | D:11     | Reached XP level 12. HP: 56/95 MP: 16/16
 11373 | Lair:1   | Entered Level 1 of the Lair of Beasts
 11941 | Lair:1   | You fall through a shaft!
 12058 | Lair:2   | Reached ****** piety under Zin
 12083 | Lair:2   | Found a labyrinth entrance.
 12092 | Lab      | Entered a labyrinth
 12501 | Lab      | Noticed a minotaur
 12512 | Lab      | Killed a minotaur
 12515 | Lab      | Got a scorched lajatang {protect}
 12516 | Lab      | Identified the +8 lajatang of Mourning {protect, +Blink +Fly rC+} (You took it off a minotaur in a labyrinth)
 12522 | Lab      | Got a shimmering scale mail
 12533 | Lab      | Identified the +9 scale mail of the Lair of Beasts {+Blink rF- rN+ SInv} (You took it off a minotaur in a labyrinth)
 13594 | Lair:2   | Found a staircase to the Shoals.
 13613 | Lair:2   | Reached skill level 10 in Armour
 13618 | Lair:2   | Reached skill level 10 in Fighting
 13625 | Lair:2   | Reached XP level 13. HP: 76/103 MP: 18/18
 14434 | Lair:1   | Identified a scroll of acquirement
 15668 | Lair:3   | Found a hole to the Spider Nest.
 16592 | Lair:4   | Noticed inc's ghost (journeyman FeEn)
 16630 | Lair:4   | Killed inc's ghost
 17527 | Lair:5   | Found a staircase to the Slime Pits.
 17638 | Lair:5   | Noticed an eight-headed hydra
 17647 | Lair:5   | Killed an eight-headed hydra
 17997 | Lair:5   | Noticed a six-headed hydra
 18003 | Lair:5   | Killed a six-headed hydra
 18226 | Lair:5   | Reached skill level 15 in Shields
 18237 | Lair:5   | Reached XP level 14. HP: 62/111 MP: 20/20
 18248 | Lair:5   | Reached skill level 10 in Axes
 18798 | Lair:6   | Entered Level 6 of the Lair of Beasts
 18915 | Lair:6   | Reached skill level 10 in Invocations
 20216 | Lair:6   | Noticed a dire elephant
 20230 | Lair:6   | Killed a dire elephant
 20728 | D:12     | Reached XP level 15. HP: 119/121 MP: 23/23
 21492 | D:13     | Found a burning altar of Makhleb.
 24223 | D:14     | Found a gate to the Vaults.
 24382 | D:15     | Entered Level 15 of the Dungeon
 25109 | D:15     | Reached XP level 16. HP: 90/131 MP: 25/25
 25128 | D:15     | Found a staircase to the Depths.
 25696 | D:15     | Noticed Agnes
 25750 | D:15     | Killed Agnes
 26715 | Orc:1    | Entered Level 1 of the Orcish Mines
 26965 | Orc:2    | Entered Level 2 of the Orcish Mines
 27450 | Orc:2    | Found Aquelug's Antique Armour Emporium.
 27450 | Orc:2    | Found Virobbe's Magic Scroll Shop.
 27461 | Orc:2    | Found a roughly hewn altar of Beogh.
 27501 | Orc:2    | Noticed Josephine
 27919 | Orc:2    | Killed Josephine
 28166 | Orc:2    | Found Xuadiq's Antique Weapon Emporium.
 28166 | Orc:2    | Found Erefuic's Jewellery Shop.
 28214 | Orc:2    | Found a staircase to the Elven Halls.
 28263 | Orc:2    | Bought a twisted cloak for 266 gold pieces
 28282 | Orc:2    | Identified the +2 cloak of the Secret Nights {rN+ MR+ Str+2} (You bought it in a shop on level 2 of the Orcish Mines)
 28319 | Orc:2    | Bought the ring of the Failed Coup {rC+ AC+5 Str+4} for 1238 gold pieces
 28445 | Orc:2    | Found a roughly hewn altar of Beogh.
 28533 | Orc:2    | Bought a runed battleaxe for 351 gold pieces
 28587 | Orc:2    | Bought a scroll of enchant weapon for 90 gold pieces
 28587 | Orc:2    | Bought a scroll of enchant weapon for 90 gold pieces
 28592 | Orc:2    | Got a transparent large shield
 28603 | Orc:2    | Identified the +6 large shield "Dahabustu" {Dex+3} (You acquired it on level 2 of the Orcish Mines)
 28784 | Spider:1 | Entered Level 1 of the Spider Nest
 31052 | Spider:2 | Identified the +8 chain mail of Follow the Leader {*Contam rPois rN+++} (You found it on level 2 of the Spider Nest)
 31601 | Spider:2 | Reached XP level 17. HP: 136/140 MP: 27/27
 32543 | Spider:3 | Reached skill level 1 in Dodging
 33382 | Spider:4 | Entered Level 4 of the Spider Nest
 34037 | Spider:4 | Reached skill level 15 in Armour
 34180 | Spider:4 | Reached skill level 15 in Fighting
 34910 | Spider:4 | Noticed Bai Suzhen
 34925 | Spider:4 | Reached XP level 18. HP: 128/149 MP: 1/29
 34940 | Spider:4 | Killed Bai Suzhen
 34940 | Spider:4 | Reached skill level 15 in Invocations
 35201 | Spider:4 | Learned a level 4 spell: Passage of Golubria
 36218 | Spider:4 | Got a gossamer rune of Zot
 36506 | Shoals:1 | Entered Level 1 of the Shoals
 36531 | Shoals:1 | Reached skill level 5 in Dodging
 37091 | Shoals:1 | Noticed Louise
 37099 | Shoals:1 | Killed Louise
 37772 | Shoals:2 | Noticed Polyphemus
 38771 | Shoals:2 | Killed Polyphemus
 38971 | Shoals:2 | Noticed a kraken
 38989 | Shoals:2 | Killed a kraken
 39437 | Shoals:3 | Reached XP level 19. HP: 130/157 MP: 30/30
 39640 | Shoals:3 | Found Mevotsed's Book Emporium.
 40202 | Shoals:3 | Found Zueko's Book Emporium.
 40449 | Shoals:4 | Entered Level 4 of the Shoals
 40535 | Shoals:3 | HP: 2/157 [water nymph/the raging water (21)]
 40939 | Shoals:4 | Noticed Kirke
 40998 | Shoals:3 | Killed Kirke
 42513 | Shoals:4 | Reached skill level 15 in Axes
 42560 | Shoals:4 | Noticed Ilsuiw
 42697 | Shoals:3 | Got a crude crystal plate armour
 42708 | Shoals:3 | Identified the +0 crystal plate armour "Tiwonk" {+Blink rC+} (You acquired it on level 3 of the Shoals)
 42774 | Shoals:3 | Killed Ilsuiw
 44093 | Shoals:4 | Got a barnacled rune of Zot
 44514 | Shoals:4 | Identified the Disquisition on the Shifting Traveller
 46151 | Vaults:1 | Entered Level 1 of the Vaults
 46297 | D:14     | Reached XP level 20. HP: 33/167 MP: 32/32
 47708 | Vaults:1 | Got a flickering ruby amulet
 47710 | Vaults:1 | Identified the amulet of Incredulity {Spirit rPois MR+++ Str-5 Slay+3} (You acquired it on level 1 of the Vaults)
 47737 | Vaults:1 | Found Puikheol's Armour Shoppe.
 48318 | Vaults:1 | Bought a scarf of resistance for 544 gold pieces
 48764 | Vaults:2 | Noticed Donald
 48788 | Vaults:2 | Killed Donald
 49460 | Vaults:2 | Found a staircase to the Crypt.
 49641 | Vaults:2 | Reached XP level 21. HP: 139/176 MP: 33/33
 52041 | Vaults:3 | Noticed a Tzitzimitl
 53011 | Vaults:3 | Killed from afar by a shadow dragon

Skill      XL: |  1  2  3  4  5  6  7  8  9 10 11 12 13 14 15 16 17 18 19 20 21 |
---------------+----------------------------------------------------------------+-----
Shields        | 4 5 6 7 9 11 12 13 15 | 15.0
Armour         | 4 5 6 7 8 9 10 11 12 13 14 15 16 17 18 | 18.2
Fighting       | 4 5 6 7 8 9 10 12 13 14 15 16 17 18 | 18.2
Axes           | 3 4 5 6 7 8 9 11 12 13 14 15 16 | 16.8
Invocations    | 1 4 6 7 9 11 12 13 14 15 16 17 18 | 18.5
Evocations     | 1 4 5 6 |  6.0
Dodging        | 4 6 |  6.0

Action                   |  1- 3 |  4- 6 |  7- 9 | 10-12 | 13-15 | 16-18 | 19-21 || total
-------------------------+-------+-------+-------+-------+-------+-------+-------++-------
Melee: War axe           |    60 |   246 |   545 |   666 |   896 |       |       ||  2413
       Battleaxe         |       |       |       |       |   498 |  2059 |  1847 ||  4404
Invok: Vitalisation      |       |       |       |     1 |     1 |       |     1 ||     3
       Recite            |       |       |       |       |     9 |    17 |    31 ||    57
       Sanctuary         |       |       |       |       |     1 |     1 |     6 ||     8
 Abil: Dig               |       |     6 |    11 |    24 |    43 |    61 |    19 ||   164
       Shaft Self        |       |       |       |     1 |       |       |       ||     1
Evoke: Wand              |       |       |       |    43 |    61 |    22 |    29 ||   155
       Lightning rod     |       |       |       |       |    13 |     5 |     1 ||    19
       Sack of spiders   |       |       |       |       |       |     2 |     7 ||     9
  Use: Potion            |       |     5 |       |     1 |    10 |     3 |    15 ||    34
       Scroll            |       |       |    12 |     5 |     8 |     6 |     9 ||    40
 Stab: Paralysed         |       |       |       |    23 |     3 |    21 |    11 ||    58
       Confused          |       |       |       |       |     3 |    10 |    13 ||    26
       Invisible         |       |       |       |       |     1 |     8 |     7 ||    16
       Distracted        |       |       |       |       |       |     1 |     1 ||     2
  Eat: Chunk             |       |     6 |    16 |     8 |    15 |    23 |     6 ||    74
       Ration            |       |       |     1 |     9 |     9 |    10 |    12 ||    41
Armor: Scale mail        |    29 |   110 |    43 |       |       |       |       ||   182
       Chain mail        |       |       |   169 |       |       |   479 |       ||   648
       Plate armour      |       |       |     2 |   277 |   752 |   405 |   161 ||  1597
       Crystal plate arm |       |       |       |       |       |       |   598 ||   598
Dodge: Dodged            |    21 |    99 |   148 |   119 |   348 |   487 |   318 ||  1540
Block: Shield            |    41 |   119 |   278 |   381 |   938 |   190 |       ||  1947
       Large shield      |       |       |       |       |       |  2492 |  2327 ||  4819
